 Dungeon Sprint DCSS version 0.28.0-43-g3370ac3207 (webtiles) character file.

Game seed: 9449478304000252494

8398 boopmooplesden the Fencer (level 11, -10/178 HPs)
             Began as a Minotaur Berserker on Mar 7, 2022.
             Was the Champion of Trog.
             Mangled by a tentacle (16 damage)
             ... attached to a kraken
             ... in the Dungeon (Sprint II: "The Violet Keep of Menkaure").
             The game lasted 00:07:46 (2618 turns).

boopmooplesden the Fencer (Minotaur Berserker)      Turns: 2618, Time: 00:07:46

Health: -10/178    AC:  9    Str: 32    XL:     11   Next: 9%
Magic:  3/3        EV: 17    Int: 10    God:    Trog [******]
Gold:   253        SH:  0    Dex: 12    Spells: 10/10 levels left

rFire   + . .      SeeInvis .   n - +4 triple sword (antimagic)
rCold   . . .      Faith    .   (shield currently unavailable)
rNeg    + . .      Spirit   .   k - +3 leather armour of Lach {Slay+3}
rPois   +          Reflect  .   (helmet restricted)
rElec   +          Harm     .   s - scarf {+Inv}
rCorr   .          Rampage  .   (no gloves)
Will    .....      NoTele   +   l - +1 pair of boots {Fly}
Stlth   ..........              (no amulet)
HPRegen 0.39/turn               m - ring of Inual {rPois rF+ rN+}
MPRegen 0.08/turn               u - ring "Yfoybic" {rElec Str+6 Int+6 Dex+2 Slay-6}

@: berserking (expiring), flying, very quick
A: horns 2, retaliatory headbutt
a: Renounce Religion, Evoke Invisibility, Berserk, Trog's Hand, Brothers in Arms


You were in the Dungeon.
You worshipped Trog.
Trog was exalted by your worship.
You visited 1 branch You collected 1739 gold pieces.
You spent 1486 gold pieces at shops.

Inventory:

Hand Weapons
 a - a +0 falchion
 d - a +3 antimagic scimitar
 j - a +1 long sword of protection
 n - a +4 antimagic triple sword (weapon)
Missiles
 i - 72 stones (quivered)
Armour
 b - a +0 animal skin
 k - the +3 leather armour of Lach (worn) {Slay+3}
   (You bought it in a shop in the Dungeon)

   Slay:      It affects your accuracy & damage with ranged weapons and melee
   (+3).
 l - a +1 pair of boots of flying (worn)
 s - a scarf of invisibility (worn)
Jewellery
 m - the ring of Inual (left hand) {rPois rF+ rN+}
   (You found it in the Dungeon)

   [ring of poison resistance]

   rF:        It protects you from fire.
   rPois:     It protects you from poison.
   rN:        It protects you from negative energy.
 u - the ring "Yfoybic" (right hand) {rElec Str+6 Int+6 Dex+2 Slay-6}
   (You bought it in a shop in the Dungeon)

   [ring of strength]

   Str:       It affects your strength (+6).
   Int:       It affects your intelligence (+6).
   Dex:       It affects your dexterity (+2).
   Slay:      It affects your accuracy & damage with ranged weapons and melee
   (-6).
   rElec:     It insulates you from electricity.
Scrolls
 h - a scroll of blinking
 t - a scroll of fear
Potions
 c - 3 potions of curing
 e - a potion of haste
 f - 5 potions of magic
 g - 2 potions of berserk rage
 o - 4 potions of lignification {unknown}
 p - a potion of degeneration {unknown}
 q - 2 potions of attraction {unknown}
 r - 8 potions of flight
 w - a potion of cancellation {unknown}
 x - 3 potions of resistance {unknown}
 z - a potion of ambrosia {unknown}


   Skills:
 + Level 18.2 Fighting
 + Level 20.6 Long Blades
 + Level 9.3 Armour
 + Level 12.4 Dodging
 + Level 4.5 Stealth


You had 10 spell levels left.
You didn't know any spells.
Your spell library was empty.

Dungeon Overview and Level Annotations

Branches:
Dungeon (1/1)

Altars:
Cheibriados
Dithmenos
Elyvilon
Fedhas
Gozag
Hepliaklqana
Kikubaaqudgha
Makhleb
Nemelex Xobeh
Okawaru
Qazlal
Ru
Sif Muna
Trog
Uskayaw
Vehumet
Wu Jian
Xom
Yredelemnul
Zin
The Shining One
Beogh
Jiyva
Lugonu

Shops:
D :(=:[([=(??((?[:!?(?[=!(?[*

Annotations:
D exclusions: ice statue and oklob plant, Roxanne


Innate Abilities, Weirdness & Mutations

You have a pair of horns on your head.
You reflexively headbutt those who attack you in melee.


Message History

You headbutt the kraken, but do no damage.
The kraken is severely wounded.
The kraken bites you!!! The tentacle barely misses you.
The tentacle closely misses you.
You hit the kraken.
The kraken is severely wounded.
The kraken barely misses you. The tentacle barely misses you.
The tentacle misses you.
You hit the kraken.
The kraken is severely wounded.
The tentacle slaps you!
* * * LOW HITPOINT WARNING * * *
The tentacle barely misses you.
You slash the kraken! You headbutt the kraken!
The kraken is severely wounded.
A tentacle segment bursts forth from the water.
The kraken misses you.
You slash the kraken!
You headbutt the kraken, but do no damage.
The kraken is almost dead.
The tentacle slaps you but does no damage. x2
The kraken completely misses you. You furiously retaliate!
You headbutt the kraken. You completely miss the kraken.
You headbutt the kraken!
The kraken is almost dead.
The tentacle slaps you.
* * * LOW HITPOINT WARNING * * *
The tentacle barely misses you.
You hit the kraken but do no damage.
The kraken is almost dead.
A tentacle segment bursts forth from the water.
The tentacle slaps you but does no damage.
The tentacle slaps you!
* * * LOW HITPOINT WARNING * * *
You hit the kraken.
The kraken is almost dead.
The kraken bites you!!
* * * LOW HITPOINT WARNING * * *
The tentacle slaps you!
You die...

.##.#:=▓....):.[▓▓,,,*,*,+≈,,≈+,*
...####▓...[[.)[▓▓,,,*,*,+≈,,≈+,*
#..##.#▓.[([[..[▓▓,,,*^*,+≈,,≈+,*
+^.#..#▓.)[.:...▓▓,,,*,*,+≈,,≈+,*
#^.#.)#▓.:.....[▓▓,⌠,*,*,*≈,,≈*,*
#..##.#▓[)(.....▓▓,,,*,*,*≈,,≈*,*
##...##▓▓▓▓▓▓▓'▓▓▓▓+▓*^***≈,,≈***
.≈≈≈≈≈≈≈≈≈≈≈≈≈...w≈≈▓,,,,,,,,**
.≈#+########'###@w≈≈▓,,,,,,,**
.≈#..._._._#≈§≈##Xw≈▓,,,,,,**
.≈#_._._._.#≈§§≈####▓****≈**
≈≈#._._._._#≈≈≈≈§##,,*,,*≈*
≈≈#_._._._.#≈≈≈§≈§#,,*,,*≈*
≈≈#._._._..#≈§≈§≈≈+,,+,,*≈*
≈≈#_._._...#≈≈≈≈§§#,,*,,*≈*
§≈#._._....#≈≈§§≈≈▓,,*,,*≈*
≈§#.._.....#≈§≈≈▓▓▓▓*****≈*


You could see a kraken and 3 tentacles.

Vanquished Creatures
  Kirke (D)
  A yaktaur captain (D)
  A centaur warrior (D)
  An iron elemental (D)
  A death yak (D)
  A skeletal warrior (D)
  An elephant (D)
  2 unseen horrors (D)
  A kobold demonologist (D)
  A yaktaur (D)
  5 polar bears (D)
  A hornet (D)
  4 wyverns (D)
  Menkaure (D)
  5 water moccasins (D)
  5 necrophages (D)
  5 scorpions (D)
  An iron imp (D)
  3 worms (D)
41 creatures vanquished.

Vanquished Creatures (others)
  8 tentacles (D)
8 creatures vanquished.

Grand Total: 49 creatures vanquished

Notes
Turn   | Place    | Note
-------+----------+-------------------------------------------
     0 | D        | boopmooplesden the Minotaur Berserker began the quest for
                  | the Orb.
     0 | D        | Reached XP level 1. HP: 19/19 MP: 0/0
     1 | D        | Noticed a necrophage
     1 | D        | Noticed a necrophage
     1 | D        | Noticed a necrophage
     1 | D        | Noticed a necrophage
     6 | D        | Killed a necrophage
     7 | D        | Reached skill level 7 in Long Blades
     7 | D        | Reached XP level 2. HP: 15/34 MP: 1/1
     7 | D        | Reached XP level 3. HP: 17/39 MP: 2/2
     7 | D        | Reached XP level 4. HP: 20/47 MP: 3/3
    10 | D        | Killed a necrophage
    11 | D        | Reached skill level 8 in Long Blades
    11 | D        | Reached XP level 5. HP: 29/56 MP: 4/4
    13 | D        | Killed a necrophage
    13 | D        | Reached ** piety under Trog
    14 | D        | Reached skill level 10 in Long Blades
    14 | D        | Reached skill level 5 in Armour
    16 | D        | Killed a necrophage
    16 | D        | Noticed Menkaure
    17 | D        | Reached skill level 10 in Fighting
    17 | D        | Reached skill level 5 in Dodging
    17 | D        | Reached XP level 6. HP: 31/67 MP: 5/5
    20 | D        | Killed Menkaure
    21 | D        | Reached skill level 11 in Long Blades
   267 | D        | Reached *** piety under Trog
   272 | D        | Reached skill level 12 in Long Blades
   272 | D        | Reached XP level 7. HP: 38/74 MP: 6/6
   521 | D        | Noticed a wyvern
   521 | D        | Noticed a wyvern
   525 | D        | Killed a wyvern
   526 | D        | Reached skill level 13 in Long Blades
   529 | D        | Killed a wyvern
   529 | D        | Reached **** piety under Trog
   732 | D        | Found Tosuz's Assorted Antiques.
   732 | D        | Found Ezely's Jewellery Boutique.
   732 | D        | Found Tefel's Antique Armour Boutique.
   732 | D        | Found Gollac's Antique Armour Shop.
   733 | D        | Found Erapa's Magic Scroll Shop.
   733 | D        | Found Qosaw's Distillery.
   733 | D        | Found Hehe's Book Shop.
   733 | D        | Found Miyses's Armour Boutique.
   734 | D        | Found Rauchod's Distillery.
   734 | D        | Found Giymny's Antique Weapon Boutique.
   734 | D        | Found Moiddaw's Magic Scroll Shop.
   734 | D        | Noticed a shining eye
   734 | D        | Noticed a shining eye
   745 | D        | Reached XP level 8. HP: 61/86 MP: 7/7
   779 | D        | Reached ***** piety under Trog
   780 | D        | Reached skill level 14 in Long Blades
   780 | D        | Reached skill level 1 in Stealth
   901 | D        | Found Foxaghucae's Jewellery Boutique.
   901 | D        | Found Fuemp's Antique Armour Shop.
   901 | D        | Noticed a shining eye
   901 | D        | Noticed an oklob plant
   902 | D        | Found Uduh's Book Shoppe.
   902 | D        | Found Kuson's Jewellery Boutique.
   903 | D        | Noticed a cane toad
   904 | D        | Noticed a cane toad
   906 | D        | Noticed a manticore
   911 | D        | Bought a runed long sword for 169 gold pieces
   915 | D        | Bought a bronze leather armour for 189 gold pieces
   915 | D        | Identified the +3 leather armour of Lach {Slay+3} (You
                  | bought it in a shop in the Dungeon)
   931 | D        | Bought a +1 pair of boots of flying for 231 gold pieces
   956 | D        | Noticed a manticore
   957 | D        | Noticed a manticore
   981 | D        | Found a glowing golden altar of the Shining One.
   981 | D        | Found an ornate altar of the Wu Jian Council.
   982 | D        | Found a shimmering altar of Xom.
   982 | D        | Found a sacrificial altar of Ru.
   983 | D        | Found a basalt altar of Yredelemnul.
   983 | D        | Found a shimmering blue altar of Sif Muna.
   984 | D        | Found a glowing silver altar of Zin.
   984 | D        | Found a bloodstained altar of Trog.
   984 | D        | Found an ancient bone altar of Kikubaaqudgha.
   984 | D        | Found a stormy altar of Qazlal.
   984 | D        | Found a viscous altar of Jiyva.
   985 | D        | Found a hide-covered altar of Uskayaw.
   985 | D        | Found a corrupted altar of Lugonu.
   985 | D        | Found a shadowy altar of Dithmenos.
   986 | D        | Found a radiant altar of Vehumet.
   986 | D        | Found a burning altar of Makhleb.
   986 | D        | Found a white marble altar of Elyvilon.
   987 | D        | Found a sparkling altar of Nemelex Xobeh.
   987 | D        | Found a blossoming altar of Fedhas.
   988 | D        | Found an iron altar of Okawaru.
   988 | D        | Found an opulent altar of Gozag.
   989 | D        | Noticed a yaktaur
   989 | D        | Noticed a hornet
   989 | D        | Noticed a polar bear
   989 | D        | Noticed a polar bear
   995 | D        | Killed a polar bear
   996 | D        | Noticed a polar bear
   999 | D        | Killed a polar bear
  1000 | D        | Reached skill level 15 in Long Blades
  1000 | D        | Paralysed by a hornet for 3 turns
  1007 | D        | Killed a hornet
  1010 | D        | Killed a polar bear
  1011 | D        | Reached XP level 9. HP: 26/96 MP: 8/8
  1015 | D        | Killed a yaktaur
  1015 | D        | Received a gift from Trog
  1016 | D        | Reached skill level 16 in Long Blades
  1271 | D        | Found a hazy altar of Hepliaklqana.
  1271 | D        | Found a snail-covered altar of Cheibriados.
  1278 | D        | Noticed an ice statue
  1283 | D        | Identified the ring of Inual {rPois rF+ rN+}
  1306 | D        | Noticed a kraken
  1324 | D        | Reached skill level 15 in Fighting
  1538 | D        | Noticed an orange crystal statue
  1566 | D        | Noticed Roxanne
  1570 | D        | Noticed Kirke
  1570 | D        | Noticed a skeletal warrior
  1570 | D        | Noticed a yaktaur captain
  1572 | D        | Noticed a kobold demonologist
  1589 | D        | Killed a yaktaur captain
  1590 | D        | Reached skill level 17 in Long Blades
  1596 | D        | Noticed a lindwurm
  1598 | D        | Killed a skeletal warrior
  1599 | D        | Reached skill level 10 in Dodging
  1604 | D        | Killed Kirke
  1604 | D        | Received a gift from Trog
  1605 | D        | Reached skill level 18 in Long Blades
  1605 | D        | Reached XP level 10. HP: 51/108 MP: 9/9
  1608 | D        | Noticed a soul eater
  1632 | D        | Noticed a centaur warrior
  1795 | D        | Noticed an iron elemental
  1805 | D        | Killed an iron elemental
  1806 | D        | Reached skill level 19 in Long Blades
  1852 | D        | Killed a centaur warrior
  2040 | D        | Reached ****** piety under Trog
  2051 | D        | Received a gift from Trog
  2065 | D        | Noticed a death yak
  2073 | D        | Killed a death yak
  2074 | D        | Reached skill level 20 in Long Blades
  2078 | D        | Reached XP level 11. HP: 74/119 MP: 3/10
  2470 | D        | Found Iluti's Book Emporium.
  2470 | D        | Found Foplorph's Weapon Shop.
  2471 | D        | Found Kaxteuc's Antique Armour Shop.
  2471 | D        | Found Lihompas's Weapon Shoppe.
  2471 | D        | Found Talinloi's Weapon Boutique.
  2471 | D        | Found Ezangeff's Weapon Emporium.
  2471 | D        | Found Qion's Antique Weapon Shop.
  2471 | D        | Found Pula's Weapon Shoppe.
  2471 | D        | Found Zoif's Magic Scroll Boutique.
  2471 | D        | Found Murhuple's Magic Scroll Emporium.
  2471 | D        | Found Pefijy's Magic Scroll Shop.
  2471 | D        | Found Ekkuj's Magic Scroll Shoppe.
  2496 | D        | Noticed a storm dragon
  2496 | D        | Noticed a golden dragon
  2496 | D        | Noticed a cacodemon
  2529 | D        | Received a gift from Trog
  2556 | D        | Bought the ring "Yfoybic" {rElec Str+6 Int+6 Dex+2 Slay-6}
                  | for 897 gold pieces
  2618 | D        | HP: 6/178 [kraken (27)]
  2618 | D        | Mangled by a tentacle

Illustrated notes

Levels and vault maps discovered:
D:        the_violet_keep_of_menkaure [sprint2_stairs_cluster_1,
          sprint2_shoproom, sprint2_temple, sprint2_basic_supplies,
          sprint2_obstacle_4, sprint2_obstacle_2, sprint2_obstacle_6,
          sprint2_obstacle_5, sprint2_obstacle_3, sprint2_timed_cluster_1,
          sprint2_smallroom_cluster_1, sprint2_smallroom_final_cluster_1,
          sprint2_transparent_cluster_1, sprint2_second_timed_cluster_1,
          sprint2_sniper_area_1, sprint2_heavy_combat_area_1,
          sprint2_mutation_trap_area_1, sprint2_forest_area_1,
          sprint2_light_combat_area_1, sprint2_behind_water_1,
          sprint2_near_end_vault_1]

Skill      XL: |  1  2  3  4  5  6  7  8  9 10 |
---------------+-------------------------------+-----
Fighting       | 7 8 10 11 13 14 16 18 | 18.2
Long Blades    | 7 8 10 12 13 15 18 20 | 20.6
Armour         | 3 4 5 6 7 8 9 |  9.3
Dodging        | 3 4 5 6 8 10 12 | 12.4
Stealth        | 2 3 4 |  4.5

Action                   |  1- 3 |  4- 6 |  7- 9 | 10-12 || total
-------------------------+-------+-------+-------+-------++-------
Melee: Falchion          |     3 |    23 |    37 |       ||    63
       Headbutt          |     1 |     6 |    18 |    21 ||    46
       Punch             |       |       |     2 |       ||     2
       Long sword        |       |       |    49 |     5 ||    54
       Triple sword      |       |       |       |    49 ||    49
Invok: Berserk           |       |     2 |     3 |     3 ||     8
  Use: Scroll            |       |       |     5 |       ||     5
       Potion            |       |       |     1 |       ||     1
Armor: Animal skin       |       |     2 |     2 |       ||     4
       Leather armour    |       |       |    24 |    13 ||    37
Dodge: Dodged            |       |     3 |    39 |    31 ||    73
